 Dungeon Crawl Stone Soup version 0.30-a0-723-gc1506a1cf0 (webtiles) character file.

Game seed: 12367630137518169121

37 hbarley the Trooper (level 3, -1/36 HPs)
             Began as a Hill Orc Wanderer on Jan 28, 2023.
             Slain by a rat (3 damage)
             ... on level 2 of the Dungeon.
             The game lasted 00:05:10 (1042 turns).

hbarley the Trooper (Hill Orc Wanderer)             Turns: 1042, Time: 00:05:10

Health: -1/36      AC:  3    Str: 14    XL:     3   Next: 39%
Magic:  4/4        EV: 11    Int: 13    God:
Gold:   38         SH:  0    Dex: 11    Spells: 4/4 levels left

rFire   . . .      SeeInvis .    a - +3 dagger
rCold   . . .      Faith    .    (no shield)
rNeg    . . .      Spirit   .    i - +0 leather armour
rPois   +          Reflect  .    (no helmet)
rElec   .          Harm     .    (no cloak)
rCorr   .          Rampage  .    (no gloves)
Will    .....                    (no boots)
Stlth   +                        (no amulet)
HPRegen 0.26/turn                j - ring of poison resistance
MPRegen 0.09/turn                (no ring)

@: no status effects
A: no striking features
a: no special abilities


You were on level 2 of the Dungeon.
You visited 1 branch of the dungeon, and saw 2 of its levels.

You collected 38 gold pieces.

Inventory:

Hand Weapons
 a - a +3 dagger (weapon)
 c - a +0 short sword
Missiles
 b - 3 curare-tipped darts (quivered)
Armour
 e - a +0 robe
 i - a +0 leather armour (worn)
Jewellery
 j - a ring of poison resistance (left hand)
 k - a +6 ring of strength
Scrolls
 g - a scroll of blinking {unknown}
 h - a scroll of fear {unknown}
 l - a scroll of enchant weapon {unknown}
Potions
 d - a potion of curing
 f - a potion of ambrosia {unknown}


   Skills:
 + Level 5.4 Fighting
 + Level 1.8 Short Blades
 + Level 3.1 Throwing
 + Level 1.2 Armour
 + Level 0.1 Dodging
 + Level 1.0 Spellcasting


You had 4 spell levels left.
You didn't know any spells.
Your spell library was empty.

Dungeon Overview and Level Annotations

Branches:
Dungeon (2/15)

Altars:


Message History

You hit the adder.
The adder is severely wounded.
The adder barely misses you.
The jackal bites you but does no damage. x2
The adder misses you. The goblin hits you but does no damage.
The rat barely misses you.
You miss the adder.
The adder is severely wounded.
The jackal barely misses you. The jackal completely misses you.
The adder closely misses you.
You hit the adder. Your punch misses the adder.
The adder is almost dead.
The jackal bites you but does no damage.
The jackal bites you.
* * * LOW HITPOINT WARNING * * *
The goblin hits you but does no damage. The rat closely misses you.
The adder closely misses you. The jackal bites you.
* * * LOW HITPOINT WARNING * * *
The jackal closely misses you.
You barely miss the adder.
The adder is almost dead.
The goblin hits you with a +0 dagger.
* * * LOW HITPOINT WARNING * * *
The rat closely misses you. The adder barely misses you.
The jackal bites you but does no damage.
The jackal bites you.
* * * LOW HITPOINT WARNING * * *
You closely miss the adder.
The adder is almost dead.
The adder bites you but does no damage. The jackal bites you.
* * * LOW HITPOINT WARNING * * *
The rat bites you but does no damage. The goblin closely misses you.
The jackal bites you.
* * * LOW HITPOINT WARNING * * *
You hit the adder.
You kill the adder!
The jackal closely misses you. The jackal bites you.
* * * LOW HITPOINT WARNING * * *
The rat bites you.
You die...

#.#.#.##.# .....
..#...##... .....
####.########...# #.#
#...# ## #.# #...# ...
####.########...####....
##.........(............
##.##..........ghh......
................@K......
##....##.####..r####....
##.#####.# #...# .
##.#####.# #..$#
#.....>.# #...#
#.####### #...# #.#
#...# ##.# #...# ...#


You could see 2 jackals, a goblin, a kobold and a rat.

Vanquished Creatures
  2 adders (D:2)
  3 endoplasms
  A giant cockroach (D:2)
  2 goblins (D:1)
  2 hobgoblins (D:1)
  3 jackals (D:1)
  2 quokkas (D:1)
  4 ball pythons
  A bat (D:1)
  2 frilled lizards
  3 kobolds
  2 rats (D:1)
27 creatures vanquished.

Notes
Turn   | Place    | Note
-------+----------+-------------------------------------------
     0 | D:1      | hbarley the Hill Orc Wanderer began the quest for the Orb.
     0 | D:1      | hbarley set off with the following items: a +3 dagger, 3
                  | curare-tipped darts, a +0 short sword, a potion of curing,
                  | a +0 robe.
     0 | D:1      | Reached XP level 1. HP: 22/22 MP: 2/2
    63 | D:1      | Reached skill level 5 in Fighting
   204 | D:1      | Reached XP level 2. HP: 15/29 MP: 3/3
   705 | D:2      | Reached XP level 3. HP: 17/36 MP: 4/4
  1042 | D:2      | Slain by a rat

Illustrated notes

Levels and vault maps discovered:
D:1:      minmay_arrival_radiant_lines, layout_basic, minmay_crystal_room
D:2:      layout_loops_cross, kennysheep_nub

Skill      XL: |  1 |
---------------+----+-----
Fighting       | 5 |  5.4
Throwing       | 3 |  3.1
Short Blades   | |  1.8
Armour         | |  1.2
Dodging        | |  0.1
Spellcasting   | |  1.0

Action                     || total
---------------------------++-------
  Melee: Dagger            ||   106
 Armour: Robe              ||    17
         Leather armour    ||    18
  Dodge: Dodged            ||    83

Table legend: (Time is in decaauts)
 A = Elapsed time spent in this place.
 B = Non-inter-level travel time spent in this place.
 C = Inter-level travel time spent in this place.
 D = Time resting spent in this place.
 E = Time spent auto-exploring this place.
 F = Levels seen in this place.
 G = Mean time per level.
                   A        B        C        D        E       F      G
               +--------+--------+--------+--------+--------+-----+--------+
         Total |   1034 |    966 |     68 |    156 |    574 |   2 |  517.0 |
       Dungeon |   1034 |    966 |     68 |    156 |    574 |   2 |  517.0 |
               +--------+--------+--------+--------+--------+-----+--------+

Top non-repeatable levels by time:
     D:1: 632 daAuts
     D:2: 402 daAuts
